 Dungeon Crawl Stone Soup version 0.32-a0-872-g59262bdc9b (webtiles) character file.

Game seed: 17037345780208166365

33 601d51SH the Sneak (level 3, 0/35 HPs)
             Began as a Gnoll Wanderer on Mar 31, 2024.
             Slain by a goblin
             ... wielding a +0 dagger
             ... led by Robin
              (2 damage)
             ... on level 2 of the Dungeon.
             The game lasted 00:04:06 (1054 turns).

601d51SH the Sneak (Gnoll Wanderer)                 Turns: 1054, Time: 00:04:06

Health: 0/35       AC:  3    Str: 13    XL:     3   Next: 29%
Magic:  4/4        EV: 11    Int:  8    God:
Gold:   44         SH:  0    Dex: 14    Spells: 3/3 levels left

rFire   . . .        r - +0 dagger (speed)
rCold   . . .        (no shield)
rNeg    . . .        g - +0 leather armour
rPois   .            (helmet currently unavailable)
rElec   .            (cloak currently unavailable)
rCorr   .            (gloves currently unavailable)
SInv    .            (boots currently unavailable)
Will    .....        (no amulet)
Stlth   +++          (no ring)
HPRegen 0.25/turn    (no ring)
MPRegen 0.09/turn

%: no passive effects
@: lethally poisoned (0 -> -7), beast-form
A: beast (slay +0), fangs 1, strong nose, distributed training
a: Begin Untransformation


You were on level 2 of the Dungeon.
You were a hulking beast.
You visited 1 branch of the dungeon, and saw 2 of its levels.

You collected 44 gold pieces.

Inventory:

Hand Weapons
 a - a +1 dagger
 e - a +0 dagger
 h - a +0 sling
 i - a +0 hand axe
 n - a +0 trident
 r - a +0 dagger of speed (weapon)
Missiles
 b - 2 atropa-tipped darts
 c - 2 datura-tipped darts
 d - 7 boomerangs (quivered)
 o - 6 javelins
Armour
 g - a +0 leather armour (worn)
 m - a +0 scale mail
Talismans
 q - a beast talisman (active)
Scrolls
 f - 2 scrolls of fog
 k - a scroll of silence {unknown}
 p - a scroll of enchant armour {unknown}
Potions
 j - 2 potions of attraction {unknown}
 l - 2 potions of heal wounds {unknown}


   Skills:
 + Level 6.5 Fighting
 + Level 0.8 Short Blades
 + Level 0.8 Long Blades
 + Level 0.8 Axes
 + Level 0.8 Maces & Flails
 + Level 0.8 Polearms
 + Level 0.8 Staves
 + Level 0.8 Ranged Weapons
 + Level 2.6 Throwing
 + Level 2.6 Armour
 + Level 2.6 Dodging
 + Level 7.8 Stealth
 + Level 0.8 Shields
 + Level 0.8 Unarmed Combat
 + Level 0.8 Spellcasting
 + Level 0.5 Conjurations
 + Level 0.5 Hexes
 + Level 0.5 Summonings
 + Level 0.5 Necromancy
 + Level 0.5 Translocations
 + Level 0.5 Fire Magic
 + Level 0.5 Ice Magic
 + Level 0.5 Air Magic
 + Level 0.5 Earth Magic
 + Level 0.5 Alchemy
 + Level 1.0 Invocations
 + Level 0.8 Evocations
 + Level 0.7 Shapeshifting


You had 3 spell levels left.
You didn't know any spells.
Your spell library was empty.

Dungeon Overview and Level Annotations

Branches:
Dungeon (2/15)

Altars:

Annotations:
D:2 Robin


Innate Abilities, Weirdness & Mutations

You are a hulking beast.
Your limbs bulge with bestial killing power. (Slay +0)
You have very sharp teeth.
Your uncanny sense of smell can sniff out nearby items.
Your experience applies equally to all skills.


Message History

The jackal bites you but does no damage.
Robin throws the goblin at you!
Your Invocations skill increases to level 1!
You barely miss the goblin. You bite the goblin.
The goblin is moderately wounded.
You feel sick.
The goblin no longer looks unusually strong.
The goblin hits you but does no damage.
You hit the goblin.
The goblin is heavily wounded.
You feel sick.
The jackal bites you but does no damage.
The goblin hits you but does no damage.
Robin hits you from afar with a +2 spear of venom.
You are more poisoned.
The goblin barely misses you.
You hit the goblin but do no damage.
The goblin is heavily wounded.
You feel sick.
You closely miss the goblin.
The goblin is heavily wounded.
You feel sick.
The hobgoblin no longer looks unusually strong.
The goblin hits you with a +0 dagger.
* * * LOW HITPOINT WARNING * * *
The hobgoblin hits you.
* * * LOW HITPOINT WARNING * * *
Robin misses you. The goblin hits you but does no damage. The jackal bites you.
* * * LOW HITPOINT WARNING * * *
You hit the goblin but do no damage.
The goblin is heavily wounded.
* * * LOW HITPOINT WARNING * * *
You feel sick.
The hobgoblin no longer looks unusually strong.
The jackal bites you.
* * * LOW HITPOINT WARNING * * *
The jackal bites you but does no damage.
The goblin barely misses you. The hobgoblin closely misses you.
Robin closely misses you. The goblin hits you with a +0 dagger.
You die...

#..g... g...... .g..... ..
#####.....# #..
#...#.....##
+...#...#.......
#...#..g#g......
#...#.ghhg......
#......hgg...#..
#.....).........
#......#####.... ......
###............. .....
.#####...##........ ....
.........##........####...
.<.............##....##...
.......#.......##....##...


You could see Robin, 2 jackals, 3 hobgoblins and 2 goblins.

Vanquished Creatures
  A ribbon worm (D:2)
  2 endoplasms (D:1)
  2 hobgoblins (D:1)
  2 jackals (D:1)
  4 ball pythons (D:1)
  4 bats (D:1)
  9 goblins
  4 kobolds
28 creatures vanquished.

Notes
Turn   | Place    | Note
-------+----------+-------------------------------------------
     0 | D:1      | 601d51SH the Gnoll Wanderer began the quest for the Orb.
     0 | D:1      | 601d51SH set off with the following items: a +1 dagger, 2
                  | atropa-tipped darts, 2 datura-tipped darts, 7 boomerangs, a
                  | +0 dagger, a scroll of fog, a +0 leather armour.
     0 | D:1      | Reached XP level 1. HP: 23/23 MP: 1/1
   149 | D:1      | Reached XP level 2. HP: 29/29 MP: 2/2
   949 | D:2      | Reached XP level 3. HP: 24/35 MP: 3/3
  1029 | D:2      | Noticed Robin
  1050 | D:2      | Reached skill level 1 in Invocations
  1054 | D:2      | Slain by a goblin

Illustrated notes

Levels and vault maps discovered:
D:1:      lemuel_arrival_behind_the_door_large, layout_loops_corners
D:2:      minmay_diamond_boxcup, layout_basic, minmay_tetromino_s2, uniq_robin,
          uniq_sigmund

Skill      XL: |  1  2  3 |
---------------+----------+-----
Invocations    | 1 |  1.0
Fighting       | |  6.5
Short Blades   | |  0.8
Long Blades    | |  0.8
Axes           | |  0.8
Maces & Flails | |  0.8
Polearms       | |  0.8
Staves         | |  0.8
Ranged Weapons | |  0.8
Throwing       | |  2.6
Armour         | |  2.6
Dodging        | |  2.6
Stealth        | |  7.8
Shields        | |  0.8
Unarmed Combat | |  0.8
Spellcasting   | |  0.8
Conjurations   | |  0.5
Hexes          | |  0.5
Summonings     | |  0.5
Necromancy     | |  0.5
Translocations | |  0.5
Fire Magic     | |  0.5
Ice Magic      | |  0.5
Air Magic      | |  0.5
Earth Magic    | |  0.5
Alchemy        | |  0.5
Evocations     | |  0.8
Shapeshifting  | |  0.7

Action                     || total
---------------------------++-------
  Melee: Dagger            ||    84
         Bite              ||    10
  Throw: Boomerang         ||     2
   Stab: Sleeping          ||     9
 Armour: Leather armour    ||    55
  Dodge: Dodged            ||    54
   Form: Beast             ||     1

Table legend: (Time is in decaauts)
 A = Elapsed time spent in this place.
 B = Non-inter-level travel time spent in this place.
 C = Inter-level travel time spent in this place.
 D = Time resting spent in this place.
 E = Time spent auto-exploring this place.
 F = Levels seen in this place.
 G = Mean time per level.
                   A        B        C        D        E       F      G
               +--------+--------+--------+--------+--------+-----+--------+
         Total |   1039 |   1006 |     33 |      0 |    553 |   2 |  519.5 |
       Dungeon |   1039 |   1006 |     33 |      0 |    553 |   2 |  519.5 |
               +--------+--------+--------+--------+--------+-----+--------+

Top non-repeatable levels by time:
     D:1: 884 daAuts
     D:2: 155 daAuts
